 Dungeon Crawl Stone Soup version 0.18-a0-1805-g8ab820f (webtiles) character file.

504 epen the Ducker (level 6, 0/32 HPs)
             Began as a Spriggan Abyssal Knight on Apr 25, 2016.
             Was a Priest of Lugonu.
             Slain by a sky beast (4 damage)
             ... on level 5 of the Dungeon.
             The game lasted 00:07:20 (4560 turns).

epen the Ducker (Spriggan Abyssal Knight)           Turns: 4560, Time: 00:07:20

Health: 0/32       AC:  4    Str:  8    XL:     6   Next: 96%
Magic:  10/10      EV: 20    Int: 14    God:    Lugonu [***...]
Gold:   271        SH:  0    Dex: 17    Spells: 0 memorised, 5 levels left

rFire  + . .     SeeInvis +     u - +2 dagger (chaos)
rCold  . . .     Gourm    .     f - +0 robe
rNeg   + . .     Faith    .     (shield restricted)
rPois  .         Spirit   .     (helmet restricted)
rElec  .         Dismiss  .     j - +1 cloak
rCorr  .         Reflect  .     (gloves unavailable)
SustAt .         Harm     .     (boots unavailable)
MR     +....                    (no amulet)
Stlth  +++.......               t - ring of positive energy
                                r - ring of protection from fire

@: very quick, somewhat resistant to hostile enchantments, fairly stealthy
A: unfitting armour, antennae 1, see invisible, herbivore 3, speed 3, slow
metabolism 2
a: Depart the Abyss, Bend Space, Banish, Renounce Religion


You were on level 5 of the Dungeon.
You worshipped Lugonu.
Lugonu was most pleased with you.
You were hungry.

You visited 1 branch of the dungeon, and saw 5 of its levels.
You visited the Abyss 1 time.

You collected 304 gold pieces.
You spent 33 gold pieces at shops.

Inventory:

Hand Weapons
 a - a +1 short sword
 u - a +2 dagger of chaos (weapon)
Armour
 f - a +0 robe (worn)
 j - a +1 cloak (worn)
Jewellery
 l - a +2 amulet of reflection {unknown}
 r - a ring of protection from fire (left hand)
 t - a ring of positive energy (right hand)
Scrolls
 g - 2 scrolls of fear
 h - 2 scrolls of identify
 k - a scroll of teleportation
 v - a scroll of recharging
Potions
 b - 2 potions of brilliance {unknown}
 d - a potion of ambrosia {unknown}
 e - a potion of heal wounds {unknown}
 i - 2 potions of invisibility {unknown}
 m - a potion of cure mutation {unknown}
 p - 3 potions of resistance {unknown}
 s - 2 potions of curing
Comestibles
 c - 2 bread rations


   Skills:
 + Level 3.4 Fighting
 * Level 4.8 Short Blades
 + Level 5.1 Dodging
 + Level 3.6 Stealth
 * Level 4.2 Invocations


You had 5 spell levels left.
You didn't know any spells.

Dungeon Overview and Level Annotations

Branches:
Dungeon (5/15)
 Temple: D:4-7

Altars:
Cheibriados
Kikubaaqudgha
Makhleb
Xom

Shops:
D:4 *   D:5 !

Annotations:
D:4 eragonby's ghost, amateur GrFi


Innate Abilities, Weirdness & Mutations

You are tiny and cannot use many weapons and most armour.
You have supernaturally acute eyesight.
You are a herbivore.
You cover ground extremely quickly.
You need consume almost no food.
You have a pair of small antennae on your head.


Message History

The sky beast barely misses you.
You hit the sky beast. You freeze the sky beast.
The sky beast is moderately wounded.
You hit the sky beast. You burn the sky beast.
The sky beast is moderately wounded.
The sky beast closely misses you.
You hit the sky beast. You burn the sky beast.
The sky beast is severely wounded.
The sky beast hits you. The sky beast shocks you.
You hit the sky beast. You burn the sky beast.
The sky beast is severely wounded.
The sky beast hits you. The sky beast shocks you.
* * * LOW HITPOINT WARNING * * *
You are too injured to fight recklessly!
You are too injured to fight recklessly!
You hit the sky beast.
There is a strange surge of energy around the sky beast.
The sky beast is almost dead.
The sky beast hits you.
You die...

### #.# #.. ..#
#.####.# #.#.<#.#
#.#.##.# #....#.#####
<.#@#..#.#...######
......Y..............>#
.............#.#.####.#
.#############.#.# #.#
#.#.# #.# #.#.# #.#
#.#.# #.# #.#.# #.#
#.#.# #.#


You could see a sky beast.

Vanquished Creatures
  Sigmund (D:3)
  An orc priest (D:3)
  An iguana (D:4)
  4 orc wizards
  Natasha (D:2)
  A gnoll (D:3)
  5 adders
  2 oozes
  2 adder skeletons (D:4)
  2 worms
  A dart slug (D:2)
  5 giant geckos
  15 orcs
  A ball python (D:1)
  6 bats
  4 giant cockroaches
  2 goblins
  8 hobgoblins
  3 jackals (D:4)
  7 kobolds
  10 rats
82 creatures vanquished.

Notes
Turn   | Place    | Note
--------------------------------------------------------------
     0 | Abyss:1  | epen the Spriggan Abyssal Knight began the quest for the Orb.
     0 | Abyss:1  | Reached XP level 1. HP: 11/11 MP: 3/3
     5 | Abyss:1  | Found a corrupted altar of Lugonu.
    66 | Abyss:1  | Noticed a thrashing horror
    70 | D:1      | Escaped the Abyss
   219 | D:1      | Reached XP level 2. HP: 16/16 MP: 4/4
   227 | D:1      | Reached * piety under Lugonu
   302 | D:1      | Reached skill level 1 in Stealth
   700 | D:2      | Reached XP level 3. HP: 17/19 MP: 5/5
   963 | D:2      | Reached skill level 4 in Dodging
  1258 | D:2      | Found a snail-covered altar of Cheibriados.
  1297 | D:2      | Reached XP level 4. HP: 18/23 MP: 6/6
  1328 | D:2      | Noticed Natasha
  1344 | D:2      | Killed Natasha
  1624 | D:2      | Reached ** piety under Lugonu
  1640 | D:2      | Found a burning altar of Makhleb.
  1784 | D:2      | Gained mutation: You have a pair of small antennae on your head. [potion of beneficial mutation]
  1892 | D:3      | Reached XP level 5. HP: 13/28 MP: 8/8
  2267 | D:3      | Noticed Sigmund
  2306 | D:3      | Killed Sigmund
  2306 | D:3      | Reached XP level 6. HP: 2/32 MP: 9/9
  2843 | D:3      | Found an ancient bone altar of Kikubaaqudgha.
  3018 | D:3      | Found a shimmering altar of Xom.
  3386 | D:4      | Reached *** piety under Lugonu
  3439 | D:4      | Reached skill level 5 in Dodging
  3482 | D:4      | Found Giadiunoxt's Assorted Antiques.
  3774 | D:4      | Noticed eragonby's ghost (amateur GrFi)
  3858 | D:4      | Noticed an orc warrior
  4423 | D:5      | Entered Level 5 of the Dungeon
  4444 | D:5      | Found Pochoos's Distillery.
  4511 | D:5      | Bought a potion of curing for 33 gold pieces
  4543 | D:5      | Noticed a sky beast
  4560 | D:5      | Slain by a sky beast

Vault maps used:
D:1:      tarquinn_simple_flora_water_f
D:2:      lemuel_round_altar, cheibriados_altar_1, first_bread, uniq_natasha
D:3:      lemuel_doored_altar, tgw_xom, uniq_sigmund
D:4:      serial_shops, shop
D:5:      tso_oasis_becter, serial_shops, shop_coins, uniq_blork_the_orc,
          uniq_menkaure

Skill      XL: |  1  2  3  4  5  6 |
---------------+-------------------+-----
Invocations    | 2 3 4 |  4.2
Stealth        | 1 2 3 |  3.6
Dodging        | 4 5 |  5.1
Short Blades   | 3 4 |  4.8
Fighting       | 3 |  3.4

Action                   |  1- 3 |  4- 6 || total
-------------------------+-------+-------++-------
Melee: Short sword       |   107 |   179 ||   286
       Dagger            |       |   140 ||   140
Invok: Depart the Abyss  |     1 |       ||     1
  Use: Scroll            |       |    11 ||    11
       Potion            |       |     1 ||     1
 Stab: Sleeping          |     5 |     4 ||     9
       Distracted        |       |     1 ||     1
       Confused          |       |     1 ||     1
  Eat: Pizza             |       |     1 ||     1
Armor: Robe              |     7 |    32 ||    39
Dodge: Dodged            |    78 |   216 ||   294
